 Dungeon Crawl Stone Soup version 0.24-a0-497-g5a03d68f59 (webtiles) character file.

Game seed: 11810634658978987328

113 KristoblXynda the Slasher (level 4, -1/36 HPs)
             Began as a Draconian Skald on July 13, 2019.
             Slain by a goblin (2 damage)
             ... led by Robin
             ... on level 2 of the Dungeon.
             The game lasted 00:03:15 (1922 turns).

KristoblXynda the Slasher (Draconian Skald)         Turns: 1922, Time: 00:03:15

Health: -1/36      AC:  5    Str: 13    XL:     4   Next: 65%
Magic:  2/7        EV: 12    Int: 15    God:
Gold:   97         SH:  0    Dex: 10    Spells: 3/7 levels left

rFire    . . .     SeeInvis .   a - +0 falchion
rCold    . . .     Gourm    .   (no shield)
rNeg     . . .     Faith    .   (armour unavailable)
rPois    .         Spirit   .   (helmet restricted)
rElec    .         Reflect  .   (no cloak)
rCorr    .         Harm     .   (no gloves)
MR       .....                  (no boots)
Stlth    +.........             (no amulet)
HPRegen  0.12/turn              (no ring)
MPRegen  0.10/turn              (no ring)

@: about to teleport, very slightly contaminated
A: unfitting armour, cold-blooded, AC +5
a: no special abilities


You were on level 2 of the Dungeon.
You were not hungry.

You visited 1 branch of the dungeon, and saw 2 of its levels.

You collected 97 gold pieces.

Inventory:

Hand Weapons
 a - a +0 falchion (weapon)
Potions
 e - a potion of agility
 f - a potion of flight {unknown}
 g - a potion of brilliance {unknown}
Comestibles
 c - a ration


   Skills:
 - Level 2.1 Fighting
 * Level 3.7 Long Blades
 + Level 2.9 Dodging
 - Level 2.0 Spellcasting
 + Level 3.3 Charms


You had 3 spell levels left.
You knew the following spells:

 Your Spells              Type           Power        Failure   Level  Hunger
a - Infusion              Chrm           ##..         5%          1    #......
b - Regeneration          Chrm/Necr      #.........   32%         3    ###....

Your spell library contained the following spells:

 Spells                   Type           Power        Failure   Level  Hunger
 Song of Slaying          Chrm           ##......     9%          2    ###....
 Shroud of Golubria       Chrm/Tloc      #.....       17%         2    ###....
 Spectral Weapon          Hex/Chrm       #.......     32%         3    ###....


Dungeon Overview and Level Annotations

Branches:
Dungeon (2/15)

Altars:

Annotations:
D:2 Robin


Innate Abilities, Weirdness & Mutations

Your plain brown scales are hard. (AC +5)
You cannot fit into any form of body armour.
You are cold-blooded and may be slowed by cold attacks.


Message History

The goblin shoots a stone.
The stone hits you but does no damage.
You barely miss the hobgoblin. You tail-slap the hobgoblin.
The hobgoblin is almost dead.
The hobgoblin hits you with a +0 club.
* * * LOW HITPOINT WARNING * * *
The goblin shoots a stone.
The stone hits you.
* * * LOW HITPOINT WARNING * * *
You hit the hobgoblin.
You kill the hobgoblin!
The goblin shoots a stone.
The stone barely misses you.
Unknown command.
You hit the hobgoblin.
The hobgoblin is severely wounded.
The hobgoblin hits you with a +0 club.
* * * LOW HITPOINT WARNING * * *
As you read the scroll labeled JEPOUSU AXUIJO, it crumbles to dust.
You feel strangely unstable.
It was a scroll of teleportation.
The hobgoblin hits you but does no damage.
The goblin unwields a +0 hunting sling.
The goblin hits you.
You die...

.≈.#........#*,,..,,,,,,,,*
...#..#..#..#*,,,,,,,,,,,,*
..##..##.#.##*,,,,,,,,,,,,*
.###o.##...# *,,,,g,,.,,,,*
###..<###..#######Sg..,,,,*
....###....(((ggggggg.,,,,*
###.....#.g########.##*****
.,#.##..#..#ggSg.#*,*******
.,......#..#.###@#*,,,,,,,*
..#..#...(...# #g#*,,,,,,,*
....##...#S### #g#*,,,,,,,*
,,..*#....># #g.,,,,,,,,*
,,,,*#....##***###,,,,,,,,*
*****#....,,,,,***,,,,,,,,*
#....,,,,,,,,,,,,,,,,******
#...#,,,,,****,,,,,,,,,,,,*
#...*,,,,,* *,,,,,,,,,,,,*


You could see a gnoll, an adder, 2 hobgoblins and 3 goblins.

Vanquished Creatures
  An orc priest (D:2)
  2 gnolls (D:1)
  An ooze (D:1)
  A worm (D:2)
  A dart slug (D:1)
  4 orcs (D:2)
  A giant cockroach (D:2)
  6 hobgoblins
  A ball python (D:1)
  8 bats
  5 frilled lizards
  8 goblins
  5 kobolds
  9 rats
53 creatures vanquished.

Notes
Turn   | Place    | Note
-------+----------+-------------------------------------------
     0 | D:1      | KristoblXynda the Draconian Skald began the quest for the
                  | Orb.
     0 | D:1      | Reached XP level 1. HP: 17/17 MP: 3/3
   234 | D:1      | Reached XP level 2. HP: 11/24 MP: 5/5
   690 | D:1      | Reached XP level 3. HP: 16/29 MP: 6/6
   830 | D:1      | Learned a level 3 spell: Regeneration
  1055 | D:1      | You fall into a shaft and drop 1 floor!
  1606 | D:2      | Reached XP level 4. HP: 33/36 MP: 7/7
  1888 | D:2      | Noticed Robin
  1921 | D:2      | HP: 1/36 [hobgoblin/+0 club[Robin] (4)]
  1922 | D:2      | Slain by a goblin

Levels and vault maps discovered:
D:1:      dpeg_arrival_ratfight, layout_rooms
D:2:      cheibrodos_pilgrimage, layout_basic, uniq_robin

Skill      XL: |  1  2 |
---------------+-------+-----
Charms         | 3 |  3.3
Long Blades    | 3 |  3.7
Fighting       | |  2.1
Dodging        | |  2.9
Spellcasting   | |  2.0

Action                   |  1- 3 |  4- 6 || total
-------------------------+-------+-------++-------
Melee: Falchion          |    89 |    52 ||   141
       Tailslap          |    14 |     4 ||    18
 Cast: Regeneration      |       |     1 ||     1
  Use: Scroll            |     3 |     1 ||     4
       Potion            |     1 |       ||     1
 Stab: Sleeping          |     1 |       ||     1
  Eat: Ration            |     1 |       ||     1
       Chunk             |     1 |       ||     1
Armor: Skin              |    29 |    23 ||    52
Dodge: Dodged            |    87 |    45 ||   132
       Rpst.: Falchion   |    30 |    14 ||    44

Table legend:
 A = Non-vault XP
 B = Vault XP
 C = Vault XP percentage of total XP
 D = Non-vault monster count
 E = Vault monster count
 F = Vault count percentage of total count
                 A         B        C        D         E       F
            +---------+---------+-------+---------+---------+-------
      Total |     100 |      62 |  38.3 |      41 |      12 |  22.6
            +---------+---------+-------+---------+---------+-------
        D:1 |      83 |       5 |   5.7 |      32 |       5 |  13.5
        D:2 |      17 |      57 |  77.0 |       9 |       7 |  43.8
            +---------+---------+-------+---------+---------+-------
